MID
CLINTON LUMBERKINGS @ HICKORY CRAWDADS
09/12/2044
 
TOP OF THE 1ST
Clinton LumberKings batting - Pitching for Hickory Crawdads : RHP Javier Cabrera
Pitching: RHP Javier Cabrera
Batting: RHB Rick Ellis 0-0: Called Strike
0-1: Ball
1-1: Foul Ball, location: 2F
1-2: Ball
2-2: Ball
3-2: Foul Ball, location: 2F
3-2: Base on Balls
Batting: LHB William Warren 0-0: Called Strike
Rick Ellis is caught stealing 2nd base 2-6
0-1: Ball
1-1: Ball
2-1: Swinging Strike
2-2: Foul Ball, location: 2F
2-2: Ground out 4-3 (Groundball, 4, EV 81.9 MPH)
Batting: LHB Jason Hopkins 0-0: Ball
1-0: Ball
2-0: Called Strike
2-1: Ground out U3 (Groundball, 34, EV 88.1 MPH)
Top of the 1st over - 0 runs, 0 hits, 0 errors, 0 left on base; Clinton 0 - Hickory 0
BOTTOM OF THE 1ST
Hickory Crawdads batting - Pitching for Clinton LumberKings : LHP Chan-u Lee
Pitching: LHP Chan-u Lee
Batting: RHB Luke Stark 0-0: DOUBLE (Line Drive, 78M, EV 96.9 MPH)
Batting: RHB George King 0-0: Called Strike
0-1: Called Strike
0-2: Foul Ball, location: 2F
0-2: Fly out, F7 (Flyball, 7LD, EV 91.9 MPH)
Runner from 2nd tags up, SAFE at 3rd, no throw by LF
Batting: LHB Nick Foutz 0-0: Ball
1-0: Ball
2-0: Foul Ball, location: 2F
2-1: Ball
3-1: SINGLE (Groundball, 34D, EV 101.9 MPH)
Luke Stark scores
Batting: RHB Doug Hammertime 0-0: Called Strike
0-1: Fly out, F9 (Flyball, 9S, EV 76.2 MPH)
Batting: RHB Bobby Larson 0-0: Ball
1-0: Called Strike
1-1: Ball
2-1: Ground out 5-3 (Groundball, 56S, EV 81.9 MPH)
Bottom of the 1st over - 1 run, 2 hits, 0 errors, 1 left on base; Clinton 0 - Hickory 1
TOP OF THE 2ND
Clinton LumberKings batting - Pitching for Hickory Crawdads : RHP Javier Cabrera
Batting: LHB Justin Long 0-0: Ball
1-0: Ball
2-0: Swinging Strike
2-1: Foul Ball, location: 2F
2-2: Foul Ball, location: 2F
2-2: Strikes out looking
Batting: SHB Jose Castillo 0-0: DOUBLE (Line Drive, 78XD, EV 102.5 MPH)
Batting: SHB Detlef Oursler 0-0: Ball
1-0: Foul Ball, location: 2F
1-1: Swinging Strike
1-2: Ball
2-2: Foul Ball, location: 2F
2-2: Foul Ball, location: 2F
2-2: Ball
3-2: Strikes out swinging
Batting: LHB Ryan Rothenbach 0-0: Ball
1-0: Ground out 4-3 (Groundball, 34D, EV 109.4 MPH)
Top of the 2nd over - 0 runs, 1 hit, 0 errors, 1 left on base; Clinton 0 - Hickory 1
BOTTOM OF THE 2ND
Hickory Crawdads batting - Pitching for Clinton LumberKings : LHP Chan-u Lee
Batting: RHB Adryão Anto 0-0: Foul Ball, location: 2F
0-1: Called Strike
0-2: Ball
1-2: SOLO HOME RUN (Flyball, 9D, EV 96.9 MPH), Distance : 381 ft
Batting: LHB Casper Kersten 0-0: Foul Ball, location: 2F
0-1: Called Strike
0-2: Foul Ball, location: 2F
0-2: Ball
1-2: Ball
2-2: Strikes out looking
Batting: RHB Chris Powell 0-0: SINGLE (Flyball, 6MD, EV 93.1 MPH)
Batting: LHB Franklin Quezada 0-0: Ball
1-0: Swinging Strike
1-1: Fly out, F8 (Flyball, 8LD, EV 93.8 MPH)
Batting: RHB Luke Stark 0-0: Ball
1-0: Called Strike
1-1: Ball
2-1: Ball
3-1: Base on Balls
Chris Powell to second
Batting: RHB George King 0-0: Ball
1-0: Fielders Choice at 2nd, 6-4 (Groundball, 6, EV 90.0 MPH)
Bottom of the 2nd over - 1 run, 2 hits, 0 errors, 2 left on base; Clinton 0 - Hickory 2
TOP OF THE 3RD
Clinton LumberKings batting - Pitching for Hickory Crawdads : RHP Javier Cabrera
Batting: RHB Emmanuel Thomas 0-0: Ball
1-0: Foul Ball, location: 2F
1-1: Ball
2-1: Ball
3-1: Foul Ball, location: 2F
3-2: Strikes out swinging
Batting: SHB Victor Rijos 0-0: Ball
1-0: Ball
2-0: Called Strike
2-1: Ball
3-1: Ground out 2-3 (Groundball, 15S, EV 71.2 MPH)
Batting: RHB Rick Ellis 0-0: Called Strike
0-1: Swinging Strike
0-2: Strikes out swinging
Top of the 3rd over - 0 runs, 0 hits, 0 errors, 0 left on base; Clinton 0 - Hickory 2
BOTTOM OF THE 3RD
Hickory Crawdads batting - Pitching for Clinton LumberKings : LHP Chan-u Lee
Batting: LHB Nick Foutz 0-0: Called Strike
0-1: Ground out 3-1 (Groundball, 34, EV 90.6 MPH)
Batting: RHB Doug Hammertime 0-0: Ball
1-0: Ball
2-0: Ball
3-0: Called Strike
3-1: Base on Balls
Batting: RHB Bobby Larson 0-0: Ball
Doug Hammertime steals 2nd base
1-0: Called Strike
1-1: Foul Ball, location: 2F
1-2: Foul Ball, location: 2F
1-2: Ground out 5-3 (Groundball, 56S, EV 86.2 MPH)
Batting: RHB Adryão Anto 0-0: Called Strike
0-1: Ball
1-1: TRIPLE (Line Drive, 78XD, EV 106.9 MPH)
Doug Hammertime scores
Batting: LHB Casper Kersten 0-0: Foul Ball, location: 2F
0-1: Foul Ball, location: 2F
0-2: Ball
1-2: Ball
2-2: Ball
3-2: SINGLE (Flyball, 78S, EV 88.8 MPH)
Adryão Anto scores
Batting: RHB Chris Powell 0-0: Ball
1-0: Fielders Choice at 2nd, 5-4 (Groundball, 56, EV 105.6 MPH)
Bottom of the 3rd over - 2 runs, 2 hits, 0 errors, 1 left on base; Clinton 0 - Hickory 4
TOP OF THE 4TH
Clinton LumberKings batting - Pitching for Hickory Crawdads : RHP Javier Cabrera
Batting: LHB William Warren 0-0: Ball
1-0: Swinging Strike
1-1: Ball
2-1: Foul Ball, location: 2F
2-2: Ball
3-2: Ground out 6-3 (Groundball, 6, EV 89.4 MPH)
Batting: LHB Jason Hopkins 0-0: Ball
1-0: Foul Ball, location: 2F
1-1: Ball
2-1: Fly out, F6 (Popup, 6MD, EV 54.4 MPH)
Batting: LHB Justin Long 0-0: Called Strike
0-1: Ball
1-1: Ground out 4-3 (Groundball, 4, EV 100.6 MPH)
Top of the 4th over - 0 runs, 0 hits, 0 errors, 0 left on base; Clinton 0 - Hickory 4
BOTTOM OF THE 4TH
Hickory Crawdads batting - Pitching for Clinton LumberKings : LHP Chan-u Lee
Batting: LHB Franklin Quezada 0-0: Ball
1-0: Foul Ball, location: 2F
1-1: Called Strike
1-2: Foul Ball, location: 2F
1-2: Foul Ball, location: 2F
1-2: Foul Ball, location: 2F
1-2: Foul Ball, location: 2F
1-2: Ball
2-2: Ground out 1-3 (Groundball, 13S, EV 68.1 MPH)
Batting: RHB Luke Stark 0-0: Called Strike
0-1: Ball
1-1: Foul Ball, location: 2F
1-2: Ball
2-2: Ball
3-2: Foul Ball, location: 2F
3-2: Fly out, F9 (Line Drive, 8RD, EV 106.2 MPH)
Batting: RHB George King 0-0: Ball
1-0: Foul Ball, location: 2F
1-1: Foul Ball, location: 2F
1-2: Ball
2-2: SINGLE (Groundball, 56D, EV 103.8 MPH)
Batting: LHB Nick Foutz 0-0: Ball
1-0: Ball
2-0: SINGLE (Line Drive, 8RM, EV 101.2 MPH)
George King to second
Runner from 2nd tries for 3rd, SAFE, throw by CF made at trailing runner, OUT! 8-6
Bottom of the 4th over - 0 runs, 2 hits, 0 errors, 1 left on base; Clinton 0 - Hickory 4
TOP OF THE 5TH
Clinton LumberKings batting - Pitching for Hickory Crawdads : RHP Javier Cabrera
Batting: SHB Jose Castillo 0-0: TRIPLE (Flyball, 78XD, EV 106.2 MPH)
Batting: SHB Detlef Oursler 0-0: Ball
1-0: Foul Ball, location: 2F
1-1: Fly out, F3 (Popup, 3L, EV 71.9 MPH)
Batting: LHB Ryan Rothenbach 0-0: Ball
1-0: Called Strike
1-1: Swinging Strike
1-2: Ball
2-2: 2-RUN HOME RUN (Flyball, 9LD, EV 90.6 MPH), Distance : 346 ft
Batting: RHB Emmanuel Thomas 0-0: Called Strike
0-1: Ball
1-1: Foul Ball, location: 2F
1-2: Fly out, F4 (Popup, 4MD, EV 73.8 MPH)
Batting: SHB Victor Rijos 0-0: Foul Ball, location: 2F
0-1: Called Strike
0-2: Strikes out looking
Top of the 5th over - 2 runs, 2 hits, 0 errors, 0 left on base; Clinton 2 - Hickory 4
BOTTOM OF THE 5TH
Hickory Crawdads batting - Pitching for Clinton LumberKings : LHP Chan-u Lee
Pitching: LHP Rentaro Minami
Batting: RHB Doug Hammertime 0-0: Ball
1-0: Foul Ball, location: 2F
1-1: Swinging Strike
1-2: Ball
2-2: Ball
3-2: Base on Balls
Batting: RHB Bobby Larson 0-0: SINGLE (Line Drive, 6D, EV 99.4 MPH)
Doug Hammertime to second
Doug Hammertime to third
DELAY Rain delay of 49 minutes in the 5th inning.
Batting: RHB Adryão Anto 0-0: Ball
1-0: Foul Ball, location: 2F
1-1: SINGLE (Groundball, 56D, EV 95.6 MPH)
Doug Hammertime scores
Bobby Larson to second
Pinch Hitting: RHB Jason Swisher 0-0: Called Strike
0-1: Ball
1-1: Grounds into double play, 6-4-3 (Groundball, 6S, EV 82.5 MPH)
Bobby Larson to third
Batting: RHB Chris Powell 0-0: Foul Ball, location: 2F
0-1: Foul Ball, location: 2F
0-2: Ball
1-2: Ball
2-2: Ball
3-2: Base on Balls
Batting: LHB Franklin Quezada 0-0: Foul Ball, location: 2F
0-1: Ball
1-1: Ball
2-1: Swinging Strike
2-2: Strikes out looking
Bottom of the 5th over - 1 run, 2 hits, 0 errors, 2 left on base; Clinton 2 - Hickory 5
TOP OF THE 6TH
Clinton LumberKings batting - Pitching for Hickory Crawdads : RHP Javier Cabrera
Pitching: LHP Ramon Escobedo
Now at 3B: Luke Stark
Now at SS: Jason Sher
Batting: RHB Rick Ellis 0-0: Foul Ball, location: 2F
0-1: Ground out 4-3 (Groundball, 4, EV 81.2 MPH)
Batting: LHB William Warren 0-0: Ball
1-0: Foul Ball, location: 2F
1-1: Foul Ball, location: 2F
1-2: Ball
2-2: Ground out 1-3 (Groundball, 15S, EV 69.4 MPH)
Batting: LHB Jason Hopkins 0-0: Foul Ball, location: 2F
0-1: Ball
1-1: Foul Ball, location: 2F
1-2: Ball
2-2: Foul Ball, location: 2F
2-2: Foul Ball, location: 2F
2-2: Foul Ball, location: 2F
2-2: Strikes out swinging
Top of the 6th over - 0 runs, 0 hits, 0 errors, 0 left on base; Clinton 2 - Hickory 5
BOTTOM OF THE 6TH
Hickory Crawdads batting - Pitching for Clinton LumberKings : LHP Rentaro Minami
Batting: RHB Luke Stark 0-0: Ball
1-0: Called Strike
1-1: Ball
2-1: Foul Ball, location: 2F
2-2: Ball
3-2: Ground out U3 (Groundball, 34S, EV 83.1 MPH)
Pitching: LHP Justin Neikirk
Batting: RHB George King 0-0: Called Strike
0-1: Ball
1-1: Ball
2-1: Foul Ball, location: 2F
2-2: Ball
3-2: Foul Ball, location: 2F
3-2: Base on Balls
Batting: LHB Nick Foutz 0-0: Ball
George King is caught stealing 2nd base 2-6
1-0: Called Strike
1-1: Ball
2-1: Swinging Strike
2-2: Foul Ball, location: 2F
2-2: Ball
3-2: SINGLE (Line Drive, 78M, EV 98.8 MPH)
Batting: RHB Doug Hammertime 0-0: Called Strike
Nick Foutz steals 2nd base
0-1: Called Strike
0-2: Ball
1-2: Strikes out swinging passed ball, reaches first!
Nick Foutz to third
Batting: RHB Bobby Larson 0-0: Called Strike
0-1: Ball
1-1: Ball
2-1: Ball
3-1: Base on Balls
Doug Hammertime to second
Batting: RHB Adryão Anto 0-0: Called Strike
0-1: Swinging Strike
0-2: GRAND SLAM HOME RUN (Line Drive, 78XD, EV 115.6 MPH), Distance : 460 ft
Pitching: RHP David Lane
Batting: RHB Jason Sher 0-0: Fly out, F8 (Flyball, 8RXD, EV 101.2 MPH)
Bottom of the 6th over - 4 runs, 2 hits, 0 errors, 0 left on base; Clinton 2 - Hickory 9
TOP OF THE 7TH
Clinton LumberKings batting - Pitching for Hickory Crawdads : LHP Ramon Escobedo
Now at 2B: Luke Stark
Now at 3B: Garrison Feltham
Now at SS: Jason Sher
Batting: LHB Justin Long 0-0: Fly out, F9 (Flyball, 9S, EV 85.0 MPH)
Pinch Hitting: RHB Josh O'Neal 0-0: Ball
1-0: Called Strike
1-1: Swinging Strike
1-2: Foul Ball, location: 2F
1-2: SINGLE (Line Drive, 3D, EV 95.6 MPH)
Batting: SHB Detlef Oursler 0-0: Ball
1-0: Called Strike
1-1: Foul Ball, location: 2F
1-2: Fly out, F7 (Line Drive, 78M, EV 90.0 MPH)
Batting: LHB Ryan Rothenbach 0-0: Called Strike
0-1: Foul Ball, location: 2F
0-2: 2-RUN HOME RUN (Flyball, 89XD, EV 111.2 MPH), Distance : 447 ft
Batting: RHB Emmanuel Thomas 0-0: Ball
1-0: Foul Ball, location: 2F
1-1: Foul Ball, location: 2F
1-2: Ball
2-2: Ball
3-2: Base on Balls
Batting: SHB Victor Rijos 0-0: Ball
1-0: Foul Ball, location: 2F
1-1: Ball
2-1: Foul Ball, location: 2F
2-2: Ball
3-2: Strikes out swinging
Top of the 7th over - 2 runs, 2 hits, 0 errors, 1 left on base; Clinton 4 - Hickory 9
BOTTOM OF THE 7TH
Hickory Crawdads batting - Pitching for Clinton LumberKings : RHP David Lane
Now at 1B: Brian Butler
Batting: RHB Chris Powell 0-0: Ball
1-0: Called Strike
1-1: Called Strike
1-2: Foul Ball, location: 2F
1-2: Ball
2-2: Ball
3-2: Ground out 4-3 (Groundball, 4, EV 86.9 MPH)
Batting: LHB Franklin Quezada 0-0: Called Strike
0-1: Ball
1-1: Called Strike
1-2: Ball
2-2: Foul Ball, location: 2F
2-2: Foul Ball, location: 2F
2-2: Ball
3-2: Ground out 4-3 (Groundball, 4, EV 93.1 MPH)
Batting: RHB Luke Stark 0-0: Ball
1-0: Called Strike
1-1: Foul Ball, location: 2F
1-2: Ground out 5-3 (Groundball, 56, EV 93.1 MPH)
Bottom of the 7th over - 0 runs, 0 hits, 0 errors, 0 left on base; Clinton 4 - Hickory 9
TOP OF THE 8TH
Clinton LumberKings batting - Pitching for Hickory Crawdads : LHP Ramon Escobedo
Pitching: RHP David Torres
Now at 2B: Jason Sher
Now at SS: Jose Guerrero
Batting: RHB Rick Ellis 0-0: Called Strike
0-1: Swinging Strike
0-2: Ball
1-2: Ball
2-2: Foul Ball, location: 2F
2-2: Foul Ball, location: 2F
2-2: Strikes out swinging
Batting: LHB William Warren 0-0: Called Strike
0-1: Foul Ball, location: 2F
0-2: Ball
1-2: Ground out 3-1 (Groundball, 34, EV 89.4 MPH)
Batting: LHB Jason Hopkins 0-0: Called Strike
0-1: Hit by Pitch
Batting: LHB Justin Long 0-0: Called Strike
0-1: Called Strike
0-2: Ball
1-2: 2-RUN HOME RUN (Line Drive, 89XD, EV 110.6 MPH), Distance : 453 ft
Batting: LHB Brian Butler 0-0: Ground out 6-3 (Groundball, 4M, EV 106.2 MPH)
Top of the 8th over - 2 runs, 1 hit, 0 errors, 0 left on base; Clinton 6 - Hickory 9
BOTTOM OF THE 8TH
Hickory Crawdads batting - Pitching for Clinton LumberKings : RHP David Lane
Batting: RHB George King 0-0: Ball
1-0: Ball
2-0: Ground out 6-3 (Groundball, 6D, EV 103.8 MPH)
Batting: LHB Nick Foutz 0-0: Called Strike
0-1: Swinging Strike
0-2: Strikes out swinging
Batting: RHB Garrison Feltham 0-0: Called Strike
0-1: Ball
1-1: Foul Ball, location: 2F
1-2: Ball
2-2: Foul Ball, location: 2F
2-2: Ground out 6-3 (Groundball, 6, EV 83.1 MPH)
Bottom of the 8th over - 0 runs, 0 hits, 0 errors, 0 left on base; Clinton 6 - Hickory 9
TOP OF THE 9TH
Clinton LumberKings batting - Pitching for Hickory Crawdads : RHP David Torres
Pitching: RHP Harry Barnes
Batting: SHB Detlef Oursler 0-0: Ball
1-0: Swinging Strike
1-1: Ball
2-1: Called Strike
2-2: Strikes out swinging
Batting: LHB Ryan Rothenbach 0-0: Fly out, F7 (Line Drive, 7, EV 103.1 MPH)
Batting: RHB Emmanuel Thomas 0-0: Ball
1-0: Called Strike
1-1: Ball
2-1: Foul Ball, location: 2F
2-2: Ball
3-2: Ground out 5-3 (Groundball, 56, EV 89.4 MPH)
Top of the 9th over - 0 runs, 0 hits, 0 errors, 0 left on base; Clinton 6 - Hickory 9
Thursday, March 31st , 2022 - OOTP Baseball 22.12 Build 89